cohdb
Replays
Latest Replays
All Replays
Popular Replays
Top Player Replays
Match Explorer
How It Works
Community
CoH3 Stats
Reddit
Sign in to upload your games and track your stats! →
Sign in with Steam
Match 43703581
Unlisted
Match 43703581
Overview
Messages
Build Orders
End
Royal Engineer Section
Construct Section Command Post
Selects Air and Sea Battlegroup
Dingo Light Scout Car
Infantry Section
Infantry Section
Construct Platoon Command Post
Humber Armored Car
Selects Supply Surplus
Construct Field Infirmary
Construct Resource Cache
Selects Commando Section Paradrop
Commando Section Paradrop
Selects Commando Support Section Paradrop
Construct Company Command Post
Unlock M3 Grant Medium Tanks
M3 Grant Medium Tank
Commando Support Section Paradrop
M3 Grant Medium Tank
Selects Incendiary Bombing Run
Armored Vehicle Training
Diesel
haiyang
Victor
hogarthw
0
0
Comments
sign in to comment!
No comments posted yet!